Cogmind - Beta 14 @@@ ROGUE MODE // 2024.09.27 @ 05:30:06 Player: Carpathian Result: Destroyed by Y-45 Defender with Heavy Assault Rifle Performance ------------- Evolutions (1) 500 Regions Visited (4) 800 Robots Destroyed (46) 230 Value Destroyed (1116) 1116 Prototype IDs (2) 40 Alien Tech Used (0) 0 Bonus (22) 22 TOTAL SCORE: 2708 Bonus ------- High Alert Combat Kills 22 Cogmind --------- Core Integrity 0/400 Matter 287/300 Energy 250/250 System Corruption 0% Temperature Cool (14) Movement Treading (160) Location -9/Storage Parts ------- > --- POWER (1) -------- Ion Engine > --- PROPULSION (2) --- Light Treads > --- UTILITY (4) ------ Medium Storage Unit Terrain Scan Processor > --- WEAPON (2) ------- Small Laser Light Cannon > --- INVENTORY (10) --- Improved Signal Interpreter Transport Network Coupler Light Armor Plating Advanced Beam Cannon Heavy Assault Rifle EMP Blaster Grenade Launcher Mini Grenade Launcher Improved Datajack Peak State ------------ > --- POWER ------------ Ion Engine > --- PROPULSION ------- Aluminum Leg Aluminum Leg > --- UTILITY ---------- Improved Heat Sink Medium Storage Unit Light Armor Plating > --- WEAPON ----------- Heavy Assault Rifle Heavy Assault Rifle > --- INVENTORY -------- Aluminum Leg Improved Signal Interpreter Small Laser Beam Rifle Advanced Beam Cannon EMP Blaster Grenade Launcher Rocket Launcher Mini Grenade Launcher Improved Datajack [Rating: 14] Favorites ----------- Power Light Ion Engine Engine Light Ion Engine Propulsion Aluminum Leg Treads Light Treads Leg Aluminum Leg Utility Medium Storage Unit Device ECM Suite Storage Medium Storage Unit Processor Terrain Scan Processor Protection Light Armor Plating Weapon Heavy Assault Rifle Energy Gun Small Laser Energy Cannon Advanced Beam Cannon Ballistic Gun Heavy Assault Rifle Ballistic Cannon Light Cannon Launcher Rocket Launcher Special Melee Weapon Improved Datajack Build | -11 -10 -10 -9 -9 ------- Run | Yrd Mat Min Mat Sto Slots Evolved 2 | . . . 2 . Power . | . . . . . Propulsion . | . . . . . Utility 2 | . . . 2 . Weapon . | . . . . . Parts Attached 44 | 6 3 4 11 20 Power 8 | 1 1 1 2 3 Engine 8 | 1 1 1 2 3 Core . | . . . . . Reactor . | . . . . . Propulsion 11 | 2 1 2 3 3 Treads 4 | . . 2 . 2 Leg 7 | 2 1 . 3 1 Wheel . | . . . . . Hover . | . . . . . Flight . | . . . . . Utility 6 | 1 1 . 2 2 Device 2 | . 1 . . 1 Storage 2 | 1 . . 1 . Processor 1 | . . . . 1 Hackware . | . . . . . Protection 1 | . . . 1 . Artifact . | . . . . . Weapon 19 | 2 . 1 4 12 Energy Gun 4 | 2 . . . 2 Energy Cannon 1 | . . . . 1 Ballistic Gun 7 | . . 1 3 3 Ballistic Cannon 1 | . . . . 1 Launcher 4 | . . . . 4 Special Weapon . | . . . . . Impact Weapon . | . . . . . Slashing Weapon . | . . . . . Piercing Weapon . | . . . . . Special Melee Weapon 2 | . . . 1 1 Unidentified Prototypes 2 | . . . . 2 Parts Lost 12 | . . . 1 11 Power 3 | . . . . 3 Propulsion 3 | . . . . 3 Utility 3 | . . . 1 2 Weapon 3 | . . . . 3 Highest Loss Streak 4 | . . . 1 4 To Critical Strikes . | . . . . . Average Slot Usage (%) 75 | . 96 100 70 70 Engine 10 | . 14 14 11 8 Treads 8 | . . 15 14 6 Leg 12 | . 28 12 7 11 Device 6 | . 10 14 4 5 Storage 11 | . 14 14 11 11 Processor 1 | . . . . 4 Protection 1 | . . . . 2 Energy Gun 9 | . 28 17 6 6 Ballistic Gun 11 | . . 10 15 10 Peak Build Rating 14 | 6 7 7 10 14 Average Rating 8 | 4 6 7 7 10 On Entrance 6 | . 6 7 7 10 Naked Turns . | . . . . . Heaviest Build 26 | 11 13 13 24 26 Greatest Support 40 | 20 20 40 40 40 Greatest Overweight (x) 7 | . . . 1 7 Average Overweight (x) . | . . . . . Largest Inventory Capacity 10 | 8 8 8 10 10 Average Capacity 9 | 6 8 8 9 10 Most Carried 10 | 4 6 5 8 10 Average Carried 5 | 2 4 3 2 8 Final Capacity 10 | 8 8 8 10 10 Final Carried 9 | 4 5 1 8 9 Class Distribution -------------------- 74% | Mutant 25% | Scavenger-Mutant Dominant Class ---------------- Mutant | -10/Materials Mutant | -10/Mines Mutant | -9/Materials Scavenger-Mutant | -9/Storage Resources | -11 -10 -10 -9 -9 ----------- Run | Yrd Mat Min Mat Sto Matter Collected 1083 | 131 40 55 202 655 Remotely . | . . . . . Salvage Created 1559 | . 40 105 496 918 Parts 91 | . 4 3 32 52 Haulers Intercepted 2 | . . . . 2 Recyclers Shooed 2 | . . . . 2 Parts Field Recycled . | . . . . . Retrieved Matter . | . . . . . Parts Self-Destructed . | . . . . . Prevented . | . . . . . Kills | -11 -10 -10 -9 -9 ------- Run | Yrd Mat Min Mat Sto Combat Hostiles Destroyed 33 | . 3 2 13 15 Guns 24 | . 3 2 13 6 Cannons 3 | . . . . 3 AOE 6 | . . . . 6 Classes Destroyed 8 | . 1 1 3 3 Worker 4 | . . . 1 3 Builder 2 | . . . . 2 Hauler 2 | . . . . 2 Recycler 3 | . . . . 3 Watcher 2 | . . . 1 1 Swarmer 10 | . 3 . 3 4 Grunt 16 | . . 2 9 5 Sentry 7 | . . . 1 6 Best Kill Streak 6 | . 3 2 6 4 Combat Bots Only 6 | . 3 2 6 4 Max Kills in Single Turn 2 | . 1 1 1 2 Gunslinging . | . . . . . Exploded 2 | . . . . 2 Melee . | . . . . . Uniques/NPCs Destroyed . | . . . . . Combat | -11 -10 -10 -9 -9 -------- Run | Yrd Mat Min Mat Sto Hostile Shots Fired 228 | . 15 23 77 113 Missed 59 | . 3 2 25 29 Damage Taken 2393 | . 94 267 578 1454 Core 466 | . 37 21 88 320 Absorbed by Shields . | . . . . . Core Remaining (%) 88 | 100 . 76 . . Volleys Fired 136 | . 8 11 38 79 Largest 2 | . 2 2 2 2 Hottest 108 | . 90 90 60 108 Shots Fired 261 | . 16 21 76 148 Gun 224 | . 16 21 76 111 Cannon 26 | . . . . 26 Launcher 11 | . . . . 11 Special . | . . . . . Kinetic 129 | . . 1 55 73 Thermal 121 | . 16 20 21 64 Explosive 10 | . . . . 10 Electromagnetic 1 | . . . . 1 Robot Hit Streak 12 | . 6 11 12 8 Robot Miss Streak 5 | . 4 2 3 5 Penetration Max . | . . . . . Secondary Targets 4 | . . 1 3 . Max Gunslinging Chain 1 | . . 1 1 . Shots Hit Robots 163 | . 9 15 51 88 Core Hits 69 | . 4 5 25 35 Critical Kills . | . . . . . Critical Parts Destroyed . | . . . . . Critical Strikes 1 | . . . . 1 Blast 1 | . . . . 1 Melee Attacks . | . . . . . Impact . | . . . . . Slashing . | . . . . . Piercing . | . . . . . Sneak Attacks . | . . . . . Combat Hostiles . | . . . . . Follow-up Attacks . | . . . . . Damage Inflicted 2715 | . 94 174 714 1733 Guns 1872 | . 94 174 714 890 Cannons 322 | . . . . 322 Explosions 521 | . . . . 521 Melee . | . . . . . Ramming . | . . . . . Kinetic 1193 | . . 14 536 643 Thermal 1001 | . 94 160 178 569 Explosive 485 | . . . . 485 Electromagnetic 36 | . . . . 36 Impact . | . . . . . Slashing . | . . . . . Piercing . | . . . . . Highest Corruption . | . . . . . Average Corruption . | . . . . . Corruption Purged . | . . . . . Corruption Blocked . | . . . . . Overload Shots . | . . . . . Overflow Damage 122 | . . . . 122 Projectiles . | . . . . . Explosions 122 | . . . . 122 Melee . | . . . . . Knockbacks . | . . . . . Impact . | . . . . . Kinetic . | . . . . . Secondary . | . . . . . Self-Inflicted Damage 323 | . . . . 323 Shots 8 | . . . . 8 Rammed . | . . . . . Targets Rammed . | . . . . . Kicked . | . . . . . Crushed . | . . . . . Highest Temperature 429 | . 162 429 27 152 Average Temperature 79 | . 71 241 11 29 Received Heat Transfer 774 | . . 165 222 387 Effects 3 | . . 3 . . Shutdowns 1 | . . 1 . . Energy Bleed 1 | . . 1 . . Short Circuit 1 | . . 1 . . Siege Activations . | . . . . . Robots Corrupted . | . . . . . Combat Hostiles . | . . . . . Parts Fried . | . . . . . Impact Corruptions . | . . . . . Robots Melted . | . . . . . Combat Hostiles . | . . . . . Parts Melted 6 | . . . 1 5 Heat Transferred 2299 | . 248 410 400 1241 Parts Sabotaged . | . . . . . Parts Stolen . | . . . . . Parts Stripped . | . . . . . Power Chain Reactions 1 | . . . . 1 Alert | -11 -10 -10 -9 -9 ------- Run | Yrd Mat Min Mat Sto Peak Influence 444 | . 77 80 228 444 Initial 96 | . . 30 31 96 Average 178 | . 32 68 98 290 Maximum Alert Level 2 | . . . 1 2 Low Security (%) 55 | 100 100 100 90 13 Level 1 39 | . . . 9 75 Level 2 5 | . . . . 10 Level 3 . | . . . . . Level 4 . | . . . . . Level 5 . | . . . . . High Security . | . . . . . Max Security . | . . . . . Squads Dispatched 4 | . . . 2 2 Investigation 2 | . . . 1 1 Extermination . | . . . . . Reinforcement 1 | . . . 1 . Assault . | . . . . . Garrison 1 | . . . . 1 Intercept . | . . . . . Searches Triggered . | . . . . . Construction Impeded . | . . . . . Haulers Reinforced . | . . . . . Active Scanning Responses . | . . . . . Cargo Convoy Interrupts . | . . . . . Stealth | -11 -10 -10 -9 -9 --------- Run | Yrd Mat Min Mat Sto Distress Signals 6 | . . . 1 5 Communications Jammed . | . . . . . Distress Signals . | . . . . . Times Spotted 44 | . 4 2 16 22 Peak Tracking Total 4 | . 4 2 4 4 Tactical Retreats 1 | . . . . 1 Traps | -11 -10 -10 -9 -9 ------- Run | Yrd Mat Min Mat Sto Traps Triggered 2 | . . . . 2 Indirectly 1 | . . . . 1 Trap Hack Attempts . | . . . . . Triggered . | . . . . . Disarmed . | . . . . . Reprogrammed . | . . . . . Reused . | . . . . . Traps Extracted . | . . . . . Installed . | . . . . . Triggered . | . . . . . Machines | -11 -10 -10 -9 -9 ---------- Run | Yrd Mat Min Mat Sto Machines Disabled 5 | . . . . 5 Max in Single Turn 2 | . . . . 2 Machines Repaired . | . . . . . Machines Dismantled . | . . . . . Machines Sabotaged . | . . . . . Overloaded Fab Kills . | . . . . . Hacking | -11 -10 -10 -9 -9 --------- Run | Yrd Mat Min Mat Sto Machines Accessed 7 | . 1 . 3 3 Terminals 7 | . 1 . 3 3 Fabricators . | . . . . . Repair Stations . | . . . . . Recycling Units . | . . . . . Scanalyzers . | . . . . . Garrison Access . | . . . . . Total Hacks 13 | . 2 . 5 6 Successful 8 | . 1 . 4 3 Failed 5 | . 1 . 1 3 Catastrophic 2 | . 1 . 1 . Database Lockouts . | . . . . . Manual . | . . . . . Terminals 13 | . 2 . 5 6 Fabricators . | . . . . . Repair Stations . | . . . . . Recycling Units . | . . . . . Scanalyzers . | . . . . . Garrison Access . | . . . . . Terminal Hacks 8 | . 1 . 4 3 Record 2 | . . . 1 1 Open Door 2 | . . . . 2 Branch Access Points 2 | . 1 . 1 . Locate Traps 1 | . . . 1 . Zone Layout 1 | . . . 1 . Fabricator Hacks . | . . . . . Repair Station Hacks . | . . . . . Recycling Unit Hacks . | . . . . . Scanalyzer . | . . . . . Garrison Access Hacks . | . . . . . Unauthorized Hacks . | . . . . . Terminals . | . . . . . Fabricators . | . . . . . Repair Stations . | . . . . . Recycling Units . | . . . . . Scanalyzers . | . . . . . Garrison Access . | . . . . . Data Cores Recovered . | . . . . . Used . | . . . . . Hacking Detections 6 | . 1 . 3 2 Full Trace Events 3 | . 1 . 1 1 Feedback Events . | . . . . . Feedback Blocked . | . . . . . Robot Schematics Acquired . | . . . . . Robots Built . | . . . . . Authchips . | . . . . . Time . | . . . . . Total Robot Build Rating . | . . . . . Part Schematics Acquired . | . . . . . Parts Built . | . . . . . Authchips . | . . . . . Time . | . . . . . Total Part Build Rating . | . . . . . Parts Repaired . | . . . . . Time . | . . . . . Parts Recycled . | . . . . . Recycled Matter . | . . . . . Retrieved Matter . | . . . . . Retrieved Components . | . . . . . Parts Scanalyzed . | . . . . . Part Schematics Acquired . | . . . . . Parts Damaged . | . . . . . Bothacking | -11 -10 -10 -9 -9 ------------ Run | Yrd Mat Min Mat Sto Used RIF Installer . | . . . . . Robots Hacked . | . . . . . Non-combat . | . . . . . Combat . | . . . . . Robot Hacks Applied . | . . . . . Relay Couplers Released . | . . . . . Fabnet Peak Effective % . | . . . . . Robots Rewired . | . . . . . Allies Hacked . | . . . . . Hacks Repelled . | . . . . . Allies | -11 -10 -10 -9 -9 -------- Run | Yrd Mat Min Mat Sto Total Allies . | . . . . . Largest Group . | . . . . . Highest-Rated Group . | . . . . . Highest-Rated Ally . | . . . . . Total Orders . | . . . . . Ally Attacks . | . . . . . Total Damage . | . . . . . Kills . | . . . . . Allies Corrupted . | . . . . . Allies Melted . | . . . . . Intel | -11 -10 -10 -9 -9 ------- Run | Yrd Mat Min Mat Sto Robot Analysis Total . | . . . . . Derelict Logs Recovered . | . . . . . Drone Launches . | . . . . . Drone Recoveries . | . . . . . Exploration | -11 -10 -10 -9 -9 ------------- Run | Yrd Mat Min Mat Sto Turns Passed 2176 | 66 263 91 709 1047 Spaces Moved 876 | 53 176 24 238 385 Core 33 | 18 . . . 15 Treads 324 | . . 21 154 149 Legs 519 | 35 176 3 84 221 Wheels . | . . . . . Hover . | . . . . . Flight . | . . . . . Fastest Speed 50 | 50 120 120 120 120 Average Speed 161 | 96 120 155 161 190 Slowest Speed 400 | 120 120 160 190 400 Overloaded Moves . | . . . . . Propulsion Burnouts . | . . . . . Robots Hopped . | . . . . . Cave-ins Triggered . | . . . . . Exploration Rate (%) 24 | 5 27 9 22 57 Regions Visited 4 Branch Regions 2 Pre-discovered Areas . | . . . . . Known Exits Taken 2 | . 1 . 1 . Unknown Exits Taken 2 | 1 . 1 . . Scrap Searched . | . . . . . Spaces Dug . | . . . . . Terrain Destroyed 87 | . . . . 87 Melee . | . . . . . Projectile . | . . . . . AOE 87 | . . . . 87 Terrain Rammed . | . . . . . Walls Destroyed . | . . . . . Machines Disabled . | . . . . . Actions | -11 -10 -10 -9 -9 --------- Run | Yrd Mat Min Mat Sto Total 1372 | 68 212 57 486 549 Wait 254 | . 20 15 176 43 Move 872 | 52 175 23 237 385 Hop . | . . . . . Pick Up 44 | 10 4 . 16 14 Fast Attach . | . . . . . Attach 18 | 6 1 . 1 10 Detach . | . . . . . Swap 26 | . 2 4 10 10 Drop 17 | . 2 4 8 3 Fire 136 | . 8 11 38 79 Melee . | . . . . . Ram . | . . . . . Kick . | . . . . . Crush . | . . . . . Escape Stasis 5 | . . . . 5 Rewire . | . . . . . Trap . | . . . . . Miscellaneous . | . . . . . Route ------- -11/Scrapyard -10/Materials (discovered 2 exits: *Min x2) -10/Mines -9/Materials (discovered 4 exits: Min x2 / *Sto x2) -9/Storage History --------- Turn | Location | Event 5 | -11/Scrapyard | Discovered new exit (range 16) 67 | -11/Scrapyard | Entered Materials 300 | -10/Materials | Build established: Mutant 309 | -10/Materials | Identified exit to Mines 330 | -10/Materials | Entered Mines 405 | -10/Mines | Discovered new exit (range 10) 421 | -10/Mines | Entered Materials 421 | -9/Materials | Evolved 2 slots: Utility x2 1066 | -9/Materials | Identified exit to Mines 1066 | -9/Materials | Identified exit to Storage 1130 | -9/Materials | Entered Storage 1415 | -9/Storage | Core integrity fell below 50% 1691 | -9/Storage | Core integrity fell below 20% 1716 | -9/Storage | Lost 4 parts (1p2n1w) 2159 | -9/Storage | Garrison activated, responded to threat 2177 | -9/Storage | Destroyed by Y-45 Defender with Heavy Assault Rifle Last Messages --------------- 02048_ Destroyed Tractor Beam. 02056_ K-01 Serf destroyed. 02085_ Acquired Lgt. Cannon. 02085_ W-16 Scout sends out distress signal. 02095_ U-05 Engineer destroyed. 02101_ Acquired 14 matter. 02124_ W-16 Scout sends out distress signal. 02125_ A-02 Transporter destroyed. 02136_ Acquired 16 matter. 02139_ Acquired Ion Engine. 02141_ W-16 Scout sends out distress signal. 02156_ Critical hit (Burn: +37). 02159_ A-02 Transporter calls for garrison support. 02159_ ALERT: Activating Garrison Access S001. 02162_ Acquired 26 matter. 02165_ Lgt. Treads destroyed. 02165_ Y-45 Defender Heat Sink blasted off. 02165_ Y-45 Defender destroyed. 02168_ Acquired 3 matter. 02171_ W-16 Scout sends out distress signal. Map ----- +----------------------------------------------------+ | ??????????????????????????????????????????? | | ??????????????????????????????????????????? | | ??????????????????????????????????????????? | | ??????????????????????????????????????????? | | ????????????????????????????????????#####+# | | ??????????????????????????????????? | | ??????????????????????????????????? | | ??????????????????????????????????? | | ?????????????????????????????????????###### | | ??????????????????????????????????????????? | | ??????????????????????????????????????????? | | ??????????????????????????????????????????? | | ??????????????????????????????????????????? | | ??????????????????????????????????????????? | | ??????????????????????????????????????????? | | ????????????????????????????????????????#+# | | ????????????????????????????????????????# # | | ????????????????????????????????????????# # | | ??????????????????????????????????#+????# # | | ??????????????????????????????????# #???# | | ??????????#???????????????????????# #???# # | | ??????????# ?????????????????????# ##### # | | ??????????# ############+#####??# # | | ????" # %! % #??# # | | ??? + =%= #??# # | | ??????????#% @==] Y #?## !]! # | | ??????????# ###+##+######?#T !!! + | | ??????????# %g # !#### ! # | | ??????? + wg[ + %+| # | | ??????######;####### """" """" #### # | | ?????????? ??????# """" """" #??# # | | ????????"" "???????# """" """" #??# # | | ????????"Y ????????# """" """" #??# """ # | | ????????""?????????# #??# """ # | | ???????????????????#############??# """ | | ??????????????????????????????????# """ # | | ??????????????????????????????????# """ # | | ??????????????????????????????????+ # | | ??????????????????????????????????# # | | ??????????????????????????????????# # | | ??????????????????????????????????+ ? # | | ??????????????????????????????????# ##?#!%# | | ???????????????????????? "????????? ???# | | ???????????????????????? ????????? ???# | | ???????????????????????##"##???????????# | | ???????????????????????# +???????????# | | ????????????#####??????# #?"?????????# | | ????????????#[ ]#??????# # "??????????# | | ????????????#[ ]#??????# # "??????????# | | ????????????#[ ]#??????# + ""?????????# | +----------------------------------------------------+ Best States ------------- Heat Dissipation 42 Energy Generation 12 Energy Capacity 265 Matter Stores 300 Matter Capacity 300 Sight Range 16 Terrain Scan Density 85 ECM Strength 1 Armor Coverage 150 Evasion (%) 55 Recoil Reduction 2 Item Schematics ----------------- None Robot Schematics ------------------ None Fabricated ------------ Nothing Alien Tech Used ----------------- None Achievements -------------- None Challenges ------------ None Game ------ Seed AnalysisSpreadScrap Manual? 0 Play Time 00:15:49 Cumulative 22.2 hours Start 2024.09.27 @ 05:17:11 End 2024.09.27 @ 05:30:06 Sessions 1 Manual Loads 0 Difficulty Rogue Special Mode None Game No. 125 Rogue 125 Adventurer 0 Explorer 0 Win Type - Total 0 Types 0/0/0/0/0/0/0/0/0 Lore% 5 Gallery% 21 Achievement% 16 Wizard Run 0 Options --------- Layout 0 ASCII 0 Keyboard 0 Movement Arrows Keybinds 0 Fullscreen 2 Font 24/Cog Map View 76x50 Zoom Use 0% Tactical HUD 1 Map Filters NONE Filters NONE Steam 1 RUN: f8fa320e-69bf-47a3-adc5-85884afcc038